 Dungeon Crawl Stone Soup version 0.28.0-49-g6dfe1f597d (webtiles) character file.

Game seed: 15003202670334413976

51 Descartes the Grasshopper (level 4, -3/33 HPs)
             Began as a Formicid Warper on May 15, 2022.
             Slain by a gnoll
             ... wielding a +0 flail
              (5 damage)
             ... on level 2 of the Dungeon.
             The game lasted 00:03:53 (3466 turns).

Descartes the Grasshopper (Formicid Warper)         Turns: 3466, Time: 00:03:53

Health: -3/33      AC:  3    Str: 18    XL:     4   Next: 5%
Magic:  7/7        EV: 11    Int: 12    God:
Gold:   115        SH:  0    Dex: 10    Spells: 7/7 levels left

rFire   . . .      SeeInvis +   a - +0 hand axe
rCold   . . .      Faith    .   (no shield)
rNeg    . . .      Spirit   .   b - +0 leather armour
rPois   .          Reflect  .   (helmet unavailable)
rElec   .          Harm     .   (no cloak)
rCorr   .          Rampage  .   (no gloves)
Will    .....                   (no boots)
Stlth   +.........              (no amulet)
HPRegen 0.11/turn               (no ring)
MPRegen 0.10/turn               (no ring)

@: no status effects
A: permanent stasis, dig shafts and tunnels, antennae 3, four strong arms
a: Dig, Shaft Self


You were on level 2 of the Dungeon.
You visited 1 branch of the dungeon, and saw 3 of its levels.

You collected 115 gold pieces.

Inventory:

Hand Weapons
 a - a +0 hand axe (weapon)
Missiles
 c - 2 boomerangs of dispersal (quivered)
 d - 57 stones
 e - 4 boomerangs
 l - 6 poisoned darts
 n - 4 atropa-tipped darts
Armour
 b - a +0 leather armour (worn)
Scrolls
 o - a scroll of identify {unknown}
 p - a scroll of fog {unknown}
Potions
 f - a potion of berserk rage {unknown}
 g - a potion of haste {unknown}
 h - a potion of flight {unknown}
 i - 4 potions of heal wounds {unknown}
 j - a potion of ambrosia {unknown}
 k - a potion of mutation {unknown}
 m - 2 potions of brilliance {unknown}


   Skills:
 - Level 2.1 Fighting
 + Level 2.4 Axes
 - Level 1.0 Throwing
 + Level 1.9 Armour
 - Level 1.7 Dodging
 + Level 1.5 Shields
 - Level 2.1 Spellcasting
 + Level 3.0 Translocations
 + Level 1.3 Evocations


You had 7 spell levels left.
You didn't know any spells.
Your spell library contained the following spells:

 Spells                   Type           Power      Damage    Failure   Level
 Gell's Gravitas          Tloc           8%         N/A       26%         3
 Lesser Beckoning         Tloc           8%         N/A       26%         3
 Teleport Other           Tloc           8%         N/A       26%         3
 Manifold Assault         Tloc           8%         N/A       94%         5
 Blink                    Tloc           Unusable   N/A       N/A         2

Dungeon Overview and Level Annotations

Branches:
Dungeon (3/15)

Altars:


Innate Abilities, Weirdness & Mutations

You cannot be hasted, slowed, berserked, paralysed or teleported.
You can dig through walls and to a lower floor.
You have a pair of large antennae on your head. (SInv)
Your four strong arms can wield two-handed weapons with a shield.


Message History

The gnoll is lightly wounded.
The gnoll hits you with a +0 flail. The gnoll hits you with a +0 flail!
You are too injured to fight recklessly!
You are too injured to fight recklessly!
You are too injured to fight recklessly!
You are too injured to fight recklessly!
You are too injured to fight recklessly!
You are too injured to fight recklessly!
You are too injured to fight recklessly!
You are too injured to fight recklessly!
You are too injured to fight recklessly!
You are too injured to fight recklessly!
You are too injured to fight recklessly!
You are too injured to fight recklessly!
You are too injured to fight recklessly!
You are too injured to fight recklessly!
You are too injured to fight recklessly!
You are too injured to fight recklessly!
You are too injured to fight recklessly!
You are too injured to fight recklessly!
You are too injured to fight recklessly!
You hit the gnoll.
The gnoll is moderately wounded.
The gnoll hits you but does no damage.
You slash the gnoll!
The gnoll is severely wounded.
The gnoll hits you with a +0 flail!
* * * LOW HITPOINT WARNING * * *
You barely miss the gnoll.
The gnoll is severely wounded.
The gnoll hits you with a +0 flail.
* * * LOW HITPOINT WARNING * * *
You closely miss the gnoll.
The gnoll is severely wounded.
The gnoll completely misses you.
Unknown command.
You hit the gnoll.
The gnoll is severely wounded.
The gnoll hits you with a +0 flail.
You die...

#.# ###.# #.#
#.#############.#.####.##
#..........<.............
###################.#........
#.....)......######.#.####.##
###.########.#...........#.##
#.# #..#...........#.##
#####.#######..#...........#.##
#.............@................
#.###.........g########.####.##
#...#.#######..................
#...#.# #...........####...
#...#.# #..########## #...
#...#########..##.......####...
#...#..........##.#............
#...#.########.##.#............
#............#.##.#............


You could see a gnoll.

Vanquished Creatures
  3 worms
  3 ball pythons (D:1)
  3 endoplasms
  A giant cockroach (D:1)
  7 goblins
  4 hobgoblins
  A jackal (D:1)
  5 kobolds
  3 quokkas
  5 bats
  3 frilled lizards
  5 rats (D:1)
43 creatures vanquished.

Notes
Turn   | Place    | Note
-------+----------+-------------------------------------------
     0 | D:1      | Descartes the Formicid Warper began the quest for the Orb.
     0 | D:1      | Reached XP level 1. HP: 16/16 MP: 3/3
   571 | D:1      | Reached XP level 2. HP: 16/22 MP: 5/5
   856 | D:1      | HP: 1/22 [frozen (4)]
   983 | D:1      | Reached skill level 1 in Shields
  1287 | D:1      | Reached XP level 3. HP: 27/27 MP: 6/6
  1465 | D:1      | Reached skill level 1 in Evocations
  2209 | D:2      | Reached skill level 3 in Translocations
  3246 | D:3      | Reached XP level 4. HP: 32/33 MP: 7/7
  3466 | D:2      | Slain by a gnoll

Illustrated notes

Levels and vault maps discovered:
D:1:      dpeg_arrival_erosion, layout_rooms, minmay_hexomino_c4
D:2:      layout_basic, minivault_24, kennysheep_generic_room_9
D:3:      minmay_wonky_spiral, layout_basic, nzn_wu_jian_council_hall,
          worldfamousw_hep_ancestral_shrine,
          mainiacjoe_overflow_concentric_impassable

Skill      XL: |  1  2  3 |
---------------+----------+-----
Shields        | 1 |  1.5
Evocations     | 1 |  1.3
Translocations | 3 |  3.0
Fighting       | |  2.1
Axes           | |  2.4
Throwing       | |  1.0
Armour         | |  1.9
Dodging        | |  1.7
Spellcasting   | |  2.1

Action                   |  1- 3 |  4- 6 || total
-------------------------+-------+-------++-------
Melee: Hand axe          |   156 |    21 ||   177
       Punch             |     3 |       ||     3
Throw: Boomerang         |     3 |       ||     3
Armor: Leather armour    |    39 |     2 ||    41
Dodge: Dodged            |   100 |    13 ||   113
